 Dungeon Crawl Stone Soup version 0.31-b1-22-gc680215f68 (webtiles) character file.

Game seed: 2130744049981670860

23273 Destapler the Basher (level 12, -3/92 HPs)
             Began as a Demonspawn Shapeshifter on Jan 18, 2024.
             Was a High Priest of Wu Jian.
             Slain by a soul eater (13 damage)
             ... summoned by an orc sorcerer
             ... on level 1 of the Orcish Mines.
             The game lasted 00:47:19 (11561 turns).

Destapler the Basher (Demonspawn Shapeshifter)     Turns: 11561, Time: 00:47:19

Health: -3/92      AC: 12    Str: 22    XL:     12   Next: 70%
Magic:  12/12      EV: 14    Int: 10    God:    Wu Jian [*****.]
Gold:   841        SH:  0    Dex: 19    Spells: 11/11 levels left

rFire   . . .        a - +6 shillelagh "Devastator" {shatter}
rCold   . . .        t - +0 buckler
rNeg    . . .        r - +2 ring mail {Will+}
rPois   .            (helmet currently unavailable)
rElec   .            (cloak currently unavailable)
rCorr   +            (gloves currently unavailable)
SInv    .            (boots currently unavailable)
Will    +....        J - amulet of the acrobat
Stlth   ++           v - ring of resist corrosion
HPRegen 0.35/turn    s - +6 ring of strength
MPRegen 0.26/turn

%: acrobat
@: confused, about to teleport, beast-form, ambrosia-drunk, hasted, very quick
A: beast (slay +4), horns 2, thin skeletal structure 1, icemail 1, magic
regeneration, condensation shield
a: Begin Untransformation, Renounce Religion, Wall Jump, Serpent's Lash,
Heavenly Storm


You were on level 1 of the Orcish Mines.
You worshipped Wu Jian.
Wu Jian was extremely pleased with you.
You were a hulking beast.
You visited 3 branches of the dungeon, and saw 14 of its levels.

You collected 841 gold pieces.

Inventory:

Hand Weapons
 a - the +6 shillelagh "Devastator" (weapon) {shatter}
   (You found it on level 4 of the Dungeon)
 b - the +8 war axe "Arcanum" {protect, rF+ rN+}
   (You found it on level 5 of the Dungeon)

   rF+:       It protects you from fire.
   rN+:       It protects you from negative energy.
Armour
 r - a +2 ring mail of willpower (worn)
 t - a +0 buckler (worn)
 M - the +1 cloak "Wuadeuxi" {-Tele Fly rC+}
   (You found it on level 3 of the Lair of Beasts)

   rC+:       It protects you from cold.
   Fly:       It grants you flight.
   -Tele:     It prevents most forms of teleportation.
Jewellery
 s - a +6 ring of strength (right hand)
 v - a ring of resist corrosion (left hand)
 J - an amulet of the acrobat (around neck)
Talismans
 c - a beast talisman (active)
 d - a flux talisman
 h - a blade talisman
Wands
 q - a wand of flame (43)
 x - a wand of roots (10)
 E - a wand of mindburst (7)
Scrolls
 e - 3 scrolls of vulnerability
 k - 3 scrolls of amnesia {unknown}
 l - a scroll of blinking {unknown}
 m - 2 scrolls of revelation {unknown}
 p - 3 scrolls of noise {unknown}
 y - 2 scrolls of teleportation
 z - 3 scrolls of poison {unknown}
 B - a scroll of enchant armour {unknown}
 C - a scroll of immolation {unknown}
 G - 5 scrolls of identify
 H - a scroll of brand weapon {unknown}
 K - a scroll of enchant weapon {unknown}
Potions
 f - 2 potions of brilliance {unknown}
 g - 2 potions of mutation
 i - a potion of might {unknown}
 j - 4 potions of curing
 u - a potion of enlightenment {unknown}
 w - 2 potions of cancellation
 A - a potion of degeneration {unknown}
 D - 2 potions of invisibility {unknown}
 F - 3 potions of heal wounds {unknown}
 I - a potion of attraction {unknown}
 L - a potion of magic {unknown}
 T - 2 potions of lignification


   Skills:
 - Level 8.0 Fighting
 - Level 4.8(9.0) Axes
 + Level 11.7(12.1) Maces & Flails
 - Level 6.0 Armour
 - Level 6.0 Dodging
 - Level 3.0 Stealth
 - Level 6.0 Shields
 - Level 5.0 Unarmed Combat
 - Level 7.0 Shapeshifting


You had 11 spell levels left.
You didn't know any spells.
Your spell library contained the following spells:

 Spells                   Type           Power      Damage    Failure   Level
 Lesser Beckoning         Tloc           0%         N/A       71%         2
 Sublimation of Blood     Necr           0%         N/A       71%         2
 Gell's Gravitas          Tloc           0%         N/A       91%         3
 Hailstorm                Conj/Ice       0%         3d5       91%         3
 Summon Ice Beast         Ice/Summ       0%         N/A       91%         3
 Teleport Other           Tloc           0%         N/A       91%         3
 Tukima's Dance           Hex            0%         N/A       91%         3
 Brom's Barrelling Bould  Conj/Erth      0%         2d3       100%        4
 Passage of Golubria      Tloc           0%         N/A       100%        4
 Petrify                  Alch/Erth      0%         N/A       100%        4
 Fireball                 Conj/Fire      0%         3d3       100%        5
 Irradiate                Conj/Alch      0%         3d11      100%        5
 Iskenderun's Battlesphe  Conj           0%         2d6       100%        5
 Yara's Violent Unravell  Hex/Alch       0%         3d3       100%        5
 Conjure Ball Lightning   Conj/Air       0%         3x3d6     100%        6
 Sculpt Simulacrum        Ice/Alch       0%         N/A       100%        6
 Orb of Destruction       Conj           0%         9d5       100%        7


Dungeon Overview and Level Annotations

Branches:
Dungeon (10/15)            Temple (0/1) D:5            Lair (3/5) D:10
  Swamp (0/4) Lair:2       Spider (0/4) Lair:2          Orc (1/2) D:10

Altars:
Fedhas
Gozag
Makhleb
Okawaru
Qazlal
Sif Muna
Vehumet
Wu Jian
Xom
Yredelemnul

Annotations:
Lair:1 2 transporters, MacCMillion's ghost, journeyman MiFi
Lair:2 1 runed translucent door, Suk Xiy's ghost, journeyman DrSh


Innate Abilities, Weirdness & Mutations

You are a hulking beast.
Your limbs bulge with bestial killing power. (Slay +4)
You have a pair of horns on your head.
You have a somewhat thin skeletal structure. (Dex +2, Stealth+)
A meltable icy envelope protects you from harm. (AC +4)
You regenerate magic rapidly.
A meltable shield of frost defends you. (SH +4)


Message History

The orc wizard mumbles some strange words.
The orc wizard flickers and vanishes!
You block the orc warrior's attack. Something hits you but does no damage.
You block the orc's attack. The orc hits you but does no damage.
The orc warrior hits you from afar with a +0 glaive!
* * * LOW HITPOINT WARNING * * *
An orc and an orc wizard come into view.
The orc wizard shouts!
An orc comes into view. It is wielding a +0 club.
The orc wizard casts a spell.
The orc wizard flickers and vanishes!
An orc comes into view. It is wielding a +0 flail.
You spin and attack the troll.
The orc shouts! x2
You hit the troll.
The troll, the orc warrior, the orc sorcerer and the orc knight shudder.
The troll is moderately wounded.
The orc warrior is heavily wounded.
The orc sorcerer is moderately wounded.
The orc knight is lightly wounded.
Your headbutt misses the troll.
The troll is moderately wounded.
You hear a shout!
An orc comes into view. It is wielding a +0 vampiric whip.
The troll closely misses you. You block the troll's attack.
The troll barely misses you.
The orc sorcerer mumbles some strange words.
As you read the scroll of teleportation, it crumbles to dust.
You feel strangely unstable.
The orc knight hits you with a +0 battleaxe!
* * * LOW HITPOINT WARNING * * *
The troll closely misses you. You block the troll's attack. x2
The orc sorcerer howls an incantation.
The orc sorcerer's hands start to glow.
You are confused.
You feel invigorated.
The orc warrior hits you with a +0 dire flail!
* * * LOW HITPOINT WARNING * * *
The soul eater hits you!
You die...

..##........ .#.>........
#........... ##.##
####........... ...#
##.^$)............ #..##
#.)..)........#..# #...#
##))#.)o...$....##
#...####.....ooo.........
##..##.......ooh.........
##....)).......To3......#.
#......).......)ooo.......
##.##...#........)<>......
#####.###......o....o....
####...#.......o.....
..$###.....#.o#...
.#...#.........# .#
.................# .


You could see an orc knight, a soul eater (summoned), a troll, 2 orc sorcerers,
2 orc warriors, an orc priest and 8 orcs.

Vanquished Creatures
  A catoblepas (Lair:1)
  A two-headed ogre (D:9)
  A skyshark (Lair:3)
  An orc sorcerer (Orc:1)
  An orc knight (D:10)
  8 elephants
  A meliai (Lair:2)
  A torpor snail (Lair:3)
  4 black mambas
  4 cane toads
  2 rime drakes
  2 kobold demonologists (D:10)
  2 komodo dragons (Lair:3)
  2 hornets
  A tyrant leech (Lair:2)
  3 blink frogs (Lair:1)
  2 basilisks
  3 wraiths
  A warg (Orc:1)
  29 yaks
  3 wyverns
  2 steam dragons
  2 swamp worms (Lair:2)
  8 water moccasins
  Duvessa (D:5)
  11 orc warriors
  3 black bears
  2 sky beasts
  An ice beast (D:7)
  4 ogres
  4 centaurs
  10 wolves (Lair:1)
  2 kobold brigands
  7 bullfrogs
  2 gnoll sergeants (D:9)
  A scorpion (D:5)
  Dowan (D:5)
  10 killer bees
  A howler monkey (D:9)
  3 hounds
  A bombardier beetle (D:6)
  4 orc priests
  3 jellies
  2 gnoll boudas
  A sleepcap (D:6)
  2 iguanas (D:5)
  19 orc wizards
  13 gnolls
  8 adders
  A shadow imp (D:8)
  2 white imps (D:8)
  2 ufetubi (D:6)
  4 dart slugs
  2 ribbon worms
  30 orcs
  6 endoplasms
  3 giant cockroaches
  5 hobgoblins
  5 quokkas
  4 ball pythons
  3 bats
  7 frilled lizards
  5 goblins
  17 kobolds
  3 rats
300 creatures vanquished.

Notes
Turn   | Place    | Note
-------+----------+-------------------------------------------
     0 | D:1      | Destapler the Demonspawn Shapeshifter began the quest for
                  | the Orb.
     0 | D:1      | Reached XP level 1. HP: 15/15 MP: 1/1
   211 | D:1      | Gained mutation: You have a pair of small horns on your
                  | head. [demonic ancestry]
   211 | D:1      | Reached XP level 2. HP: 18/21 MP: 2/2
   578 | D:2      | Gained mutation: A meltable shield of frost defends you.
                  | (SH +4) [demonic ancestry]
   578 | D:2      | Reached XP level 3. HP: 24/27 MP: 3/3
   604 | D:2      | Found a faded altar of an unknown god.
   610 | D:2      | Prayed at the altar of an unknown god.
   610 | D:2      | Became a worshipper of the Wu Jian Council
   610 | D:2      | Reached * piety under Wu Jian
  1342 | D:3      | Gained mutation: A meltable icy envelope protects you from
                  | harm. (AC +4) [demonic ancestry]
  1342 | D:3      | Reached XP level 4. HP: 33/33 MP: 4/4
  1359 | D:3      | Reached ** piety under Wu Jian
  1644 | D:4      | Noticed an ogre
  1686 | D:4      | Noticed an ogre
  1704 | D:4      | Found the +6 shillelagh "Devastator" {shatter}
  2128 | D:4      | Found a radiant altar of Vehumet.
  2147 | D:4      | Killed an ogre
  2148 | D:4      | Reached skill level 1 in Maces & Flails
  2148 | D:4      | Reached XP level 5. HP: 39/39 MP: 5/5
  2151 | D:4      | Killed an ogre
  2152 | D:4      | Gained mutation: You have a pair of horns on your head.
                  | [demonic ancestry]
  2152 | D:4      | Reached XP level 6. HP: 27/46 MP: 6/6
  2699 | D:5      | Entered Level 5 of the Dungeon
  2748 | D:5      | Reached skill level 1 in Shields
  2768 | D:5      | Reached skill level 2 in Maces & Flails
  2768 | D:5      | Reached XP level 7. HP: 52/52 MP: 7/7
  2769 | D:5      | Identified the +8 war axe "Arcanum" {protect, rF+ rN+}
  2948 | D:5      | Found a basalt altar of Yredelemnul.
  3130 | D:5      | Found a staircase to the Ecumenical Temple.
  3304 | D:5      | Noticed Duvessa
  3304 | D:5      | Noticed Dowan
  3307 | D:5      | Killed Duvessa
  3311 | D:5      | Killed Dowan
  3573 | D:5      | Reached skill level 3 in Maces & Flails
  3746 | D:6      | Gained mutation: You regenerate magic rapidly. [demonic
                  | ancestry]
  3746 | D:6      | Reached XP level 8. HP: 60/60 MP: 8/8
  3791 | D:6      | Found a shimmering altar of Xom.
  3935 | D:6      | Reached skill level 1 in Axes
  3935 | D:6      | Reached skill level 1 in Armour
  3935 | D:6      | Reached skill level 1 in Stealth
  3935 | D:6      | Reached skill level 5 in Unarmed Combat
  4069 | D:6      | Reached *** piety under Wu Jian
  4075 | D:6      | Found a stormy altar of Qazlal.
  4101 | D:6      | Found a blossoming altar of Fedhas.
  4508 | D:6      | Found an iron altar of Okawaru.
  4766 | D:7      | Reached XP level 9. HP: 65/65 MP: 9/9
  5152 | D:7      | Reached skill level 4 in Maces & Flails
  5912 | D:8      | Reached skill level 5 in Fighting
  6076 | D:8      | Reached **** piety under Wu Jian
  6403 | D:8      | Reached skill level 5 in Maces & Flails
  6651 | D:9      | Found a burning altar of Makhleb.
  6721 | D:9      | Gained mutation: You have a somewhat thin skeletal
                  | structure. (Dex +2, Stealth+) [demonic ancestry]
  6721 | D:9      | Reached XP level 10. HP: 76/76 MP: 10/10
  6721 | D:9      | Noticed a two-headed ogre
  6732 | D:9      | Killed a two-headed ogre
  7327 | D:10     | Entered Level 10 of the Dungeon
  7337 | D:10     | Reached ***** piety under Wu Jian
  7362 | D:10     | Reached skill level 5 in Shapeshifting
  7379 | D:10     | Found a staircase to the Lair.
  7445 | D:10     | Found a shimmering blue altar of Sif Muna.
  7606 | D:10     | Paralysed by a hornet for 3 turns
  8011 | D:10     | Found a staircase to the Orcish Mines.
  8091 | Orc:1    | Entered Level 1 of the Orcish Mines
  8091 | Orc:1    | Noticed an orc knight
  8134 | Lair:1   | Entered Level 1 of the Lair of Beasts
  8168 | Lair:1   | Reached skill level 6 in Maces & Flails
  8175 | Lair:1   | Noticed a cane toad
  8189 | Lair:1   | Killed a cane toad
  8440 | Lair:1   | Noticed a black mamba
  8443 | Lair:1   | Killed a black mamba
  8444 | Lair:1   | Reached skill level 5 in Armour
  8444 | Lair:1   | Reached skill level 5 in Dodging
  8444 | Lair:1   | Reached skill level 5 in Shields
  8531 | Lair:1   | Found a transporter.
  8535 | Lair:1   | Reached XP level 11. HP: 80/83 MP: 11/11
  8545 | Lair:1   | Noticed MacCMillion's ghost (journeyman MiFi)
  8764 | Lair:1   | Noticed a catoblepas
  8796 | Lair:1   | Killed a catoblepas
  8908 | Lair:1   | Found an opulent altar of Gozag.
  9094 | Lair:1   | Found a transporter.
  9497 | Lair:2   | Found a runed translucent door.
  9498 | Lair:2   | Identified the +11 trident of Ucsy {flame, ^Fragile +Blink
                  | rN+ Str+3}
  9498 | Lair:2   | Noticed a spriggan rider
  9515 | Lair:2   | Found a hole to the Spider Nest.
  9671 | Lair:2   | Reached skill level 7 in Maces & Flails
  9803 | Lair:2   | Found a staircase to the Swamp.
 10030 | Lair:2   | Reached skill level 8 in Maces & Flails
 10033 | Lair:2   | Reached XP level 12. HP: 80/92 MP: 12/12
 10496 | Lair:2   | Noticed Suk Xiy's ghost (journeyman DrSh)
 10617 | Lair:3   | Reached skill level 9 in Maces & Flails
 10766 | Lair:3   | Reached skill level 10 in Maces & Flails
 10997 | Lair:3   | Identified the +1 cloak "Wuadeuxi" {-Tele Fly rC+}
 11094 | Lair:3   | Reached skill level 11 in Maces & Flails
 11561 | Orc:1    | Slain by a soul eater

Illustrated notes

Levels and vault maps discovered:
D:1:      scummos_arrival_star, layout_rooms
D:2:      layout_rooms, shapermc_ecumenical_altar_pompeii
D:3:      layout_loops_cross, serial_bayou, serial_bayou_crossing,
          serial_bayou_lagoon_a, serial_bayou_shore_a, serial_bayou_pond_b,
          serial_bayou_lake_a, kennysheep_boxes
D:4:      layout_basic, nicolae_vehumet_altar_sigil, minivault_5
D:5:      layout_basic, nicolae_overflow_crystal_walls,
          minmay_temple_entry_poolview, serial_library_hellmonk_recessed_alcove,
          uniq_duvessa
D:6:      layout_basic, grunt_temple_overflow_forces_of_nature,
          mainiacjoe_overflow_catch_the_wave
D:7:      layout_cave_pods
D:8:      layout_gridville, corexii_leaking_fountain,
          hangedman_abyss_or_decor_passed
D:9:      layout_rooms, mainiacjoe_overflow_cross_hatched
D:10:     layout_rooms, mainiacjoe_overflow_small_starburst, dpeg_oklobed_lair,
          orc_0_dummy
Lair:1:   layout_chaotic_city, basic_altar, gammafunk_ghost_berserking_beasts,
          minivault_26, columned_hall_lemuel
Lair:2:   layout_regular_city, swamp_mist_pool,
          hellmonk_spider_entry_not_the_bees, ebering_ghost_funeral_grove,
          worms_lemuel, serial_bayou_shore_b
Lair:3:   layout_chaotic_city
Orc:1:    layout_caves, gammafunk_ghost_smash

Skill      XL: |  1  2  3  4  5  6  7  8  9 10 11 12 |
---------------+-------------------------------------+-----
Dodging        | 2 3 4 5 6 |  6.0
Unarmed Combat | 3 4 5 |  5.0
Shapeshifting  | 3 4 5 7 |  7.0
Fighting       | 2 3 4 5 6 8 |  8.0
Maces & Flails | 1 2 3 5 6 8 11 | 11.7
Shields        | 1 2 3 4 5 6 |  6.0
Axes           | 2 4 |  4.8
Armour         | 2 4 5 6 |  6.0
Stealth        | 3 |  3.0

Action                     |  1- 3 |  4- 6 |  7- 9 | 10-12 || total
---------------------------+-------+-------+-------+-------++-------
  Melee: Unarmed           |   106 |    48 |       |       ||   154
         Headbutt          |    11 |     3 |    28 |    62 ||   104
         Punch             |     1 |     2 |       |       ||     3
         Shillelagh        |       |    20 |   165 |   312 ||   497
         War axe           |       |       |       |    10 ||    10
Ability: Lunge             |    16 |    10 |    29 |    40 ||    95
         Whirlwind         |    11 |     8 |    30 |    75 ||   124
         Begin Untransform |       |       |     1 |       ||     1
    Use: Scroll            |       |     1 |     7 |     2 ||    10
         Potion            |       |       |     1 |     4 ||     5
   Stab: Sleeping          |     1 |     1 |     1 |     8 ||    11
         Distracted        |       |       |       |     1 ||     1
 Armour: Animal skin       |    33 |    16 |       |       ||    49
         Ring mail         |       |       |    84 |   141 ||   225
  Dodge: Dodged            |    44 |    27 |    63 |   125 ||   259
  Block: Other             |     6 |     9 |       |       ||    15
         Buckler           |       |       |    63 |   120 ||   183
   Form: Beast             |     1 |       |     1 |       ||     2
